 Dungeon Crawl Stone Soup version 0.30-a0-385-gfebfb9b408 (webtiles) character file.

Game seed: 14529295304894447037

364 PyroL the Grave Robber (level 6, 0/41 HPs)
             Began as a Demonspawn Necromancer on Dec 3, 2022.
             Killed by divine providence
             ... invoked by an orc priest
              (13 damage)
             ... on level 4 of the Dungeon.
             The game lasted 00:08:26 (3783 turns).

PyroL the Grave Robber (Demonspawn Necromancer)     Turns: 3783, Time: 00:08:27

Health: 0/41       AC:  4    Str:  9    XL:     6   Next: 39%
Magic:  9/13       EV: 12    Int: 18    God:
Gold:   206        SH:  0    Dex: 13    Spells: 6/14 levels left

rFire   + + .      SeeInvis .    e - +0 hand axe
rCold   . . .      Faith    .    (no shield)
rNeg    . . .      Spirit   .    t - +2 robe {rF+}
rPois   .          Reflect  .    (helmet restricted)
rElec   .          Harm     .    (no cloak)
rCorr   .          Rampage  .    (no gloves)
Will    .....                    (no boots)
Stlth   ++........               i - amulet of regeneration
HPRegen 1.06/turn                k - ring of protection from fire
MPRegen 0.26/turn                (no ring)

@: animating dead
A: antennae 2, magic regeneration
a: no special abilities


You were on level 4 of the Dungeon.
You visited 1 branch of the dungeon, and saw 4 of its levels.

You collected 206 gold pieces.

Inventory:

Hand Weapons
 e - a +0 hand axe (weapon)
Missiles
 c - 12 poisoned darts
Armour
 t - a +2 robe of fire resistance (worn)
Jewellery
 i - an amulet of regeneration (around neck)
 k - a ring of protection from fire (left hand)
Wands
 p - a wand of charming (7)
Scrolls
 d - 2 scrolls of teleportation {unknown}
 h - a scroll of identify {unknown}
 l - a scroll of blinking {unknown}
 n - a scroll of magic mapping {unknown}
 o - a scroll of vulnerability {unknown}
 r - a scroll of poison {unknown}
Potions
 b - a potion of magic
 f - 2 potions of degeneration {unknown}
 g - a potion of haste {unknown}
 j - 2 potions of curing {unknown}
 q - a potion of lignification {unknown}
 s - a potion of mutation {unknown}


   Skills:
 - Level 1.7 Dodging
 - Level 1.7 Stealth
 + Level 4.6 Spellcasting
 + Level 6.7 Necromancy


You had 6 spell levels left.
You knew the following spells:

 Your Spells              Type           Power      Damage    Failure   Level
a - Necrotise             Necr           100%       1d9       1%          1
b - Vampiric Draining     Necr           28%        2d8       2%          3
c - Animate Dead          Necr           28%        N/A       9%          4

Your spell library contained the following spells:

 Spells                   Type           Power      Damage    Failure   Level
 Agony                    Necr           28%        N/A       24%         5
 Hailstorm                Conj/Ice       4%         3d4       38%         3
 Ice Form                 Ice/Tmut       4%         N/A       80%         4
 Simulacrum               Ice/Necr       8%         N/A       99%         6


Dungeon Overview and Level Annotations

Branches:
Dungeon (4/15)
 Temple: D:4-7

Altars:
Nemelex Xobeh
Okawaru
Ru
Uskayaw

Annotations:
D:4 exclusion: sky beast


Innate Abilities, Weirdness & Mutations

You have a pair of antennae on your head.
You regenerate magic rapidly.


Message History

Your quokka skeleton closely misses the orc.
You barely miss the orc.
Your orc skeleton completely misses the orc.
The orc hits you but does no damage.
The orc hits your quokka skeleton with a +0 short sword.
Your quokka skeleton is destroyed!
The orc hits your orc skeleton with a +0 club.
Your orc skeleton is destroyed!
The orc closely misses you.
You completely miss the orc.
The orc is heavily wounded.
You completely miss the orc. The orc closely misses you. x2
The orc writhes in agony.
You kill the orc!
The dead are walking!
The orc priest hits your orc zombie with a +0 hand axe.
The orc hits you but does no damage. The orc closely misses you.
Sorry, you're not good enough to have a special ability.
Casting: Necrotise (safe; 1% risk of failure)
Confirm with . or Enter, or press ? or * to list all spells.
Aiming: Necrotise (safe; 1% risk of failure)
Press: ? - help, Shift-Dir - straight line, f - orc
Aim: an orc, wielding a +0 short sword (chance to affect: 93%)
The orc writhes in agony.
The orc priest mumbles some strange prayers to Beogh against you.
Beogh smites you!
The orc priest barely misses your orc zombie.
The orc hits you with a +0 short sword. The orc barely misses you.
You barely miss the orc.
The orc is heavily wounded.
You closely miss the orc.
The orc priest hits your orc zombie with a +1 dagger of speed.
Your orc zombie is destroyed!
The orc hits you with a +0 club. The orc barely misses you.
The orc priest calls down the wrath of Beogh upon you.
Beogh smites you!
* * * LOW HITPOINT WARNING * * *
The orc priest invokes the aid of Beogh against you.
Beogh smites you!
You die...

#..####.####......
#..##.....## #....
#..#.......#......
##.#.......#......
#....._..........
#.#.......#......
#.#.......#.#....
# ##.....## # ?##
#.####@####.## #
#....)oo.[....
##...ool....?$
#............
#............
#........####
#........#
#........#
#.........


You could see an iguana, 2 orc priests and 2 orcs.

Vanquished Creatures
  An ogre (D:3)
  A hound (D:4)
  A jelly (D:4)
  An orc priest (D:3)
  Ijyb (D:3)
  5 adders
  5 orcs
  4 ball pythons
  5 bats
  9 endoplasms
  A giant cockroach (D:3)
  5 goblins
  9 hobgoblins
  7 jackals
  5 kobolds
  6 quokkas
  A frilled lizard (D:1)
  4 rats
71 creatures vanquished.

Vanquished Creatures (collateral kills)
  An adder (D:3)
  A dart slug (D:3)
  2 hobgoblins
  A ball python (D:3)
  2 kobolds (D:3)
  A rat (D:2)
8 creatures vanquished.

Vanquished Creatures (others)
  An orc wizard (D:3)
  3 orc zombies
  A bat zombie (D:3)
  A quokka zombie (D:3)
6 creatures vanquished.

Grand Total: 85 creatures vanquished

Notes
Turn   | Place    | Note
-------+----------+-------------------------------------------
     0 | D:1      | PyroL the Demonspawn Necromancer began the quest for the
                  | Orb.
     0 | D:1      | Reached XP level 1. HP: 13/13 MP: 3/3
   299 | D:1      | Gained mutation: You have a pair of small antennae on your
                  | head. [demonic ancestry]
   299 | D:1      | Reached XP level 2. HP: 2/19 MP: 0/5
   382 | D:1      | Found a faded altar of an unknown god.
  1219 | D:2      | Gained mutation: You have a pair of antennae on your head.
                  | [demonic ancestry]
  1219 | D:2      | Reached XP level 3. HP: 24/24 MP: 5/7
  1223 | D:2      | Learned a level 3 spell: Vampiric Draining
  1249 | D:2      | Reached skill level 5 in Necromancy
  1807 | D:3      | Noticed an ogre
  1890 | D:3      | Reached XP level 4. HP: 30/30 MP: 6/8
  1953 | D:3      | Learned a level 4 spell: Animate Dead
  2218 | D:3      | Reached XP level 5. HP: 35/35 MP: 2/10
  2560 | D:3      | Found a sparkling altar of Nemelex Xobeh.
  2575 | D:3      | Noticed Ijyb
  2587 | D:3      | Killed Ijyb
  2588 | D:3      | Reached skill level 6 in Necromancy
  2896 | D:3      | Killed an ogre
  2897 | D:3      | Gained mutation: You regenerate magic rapidly. [demonic
                  | ancestry]
  2897 | D:3      | Reached XP level 6. HP: 41/41 MP: 9/12
  3166 | D:3      | Found an iron altar of Okawaru.
  3166 | D:3      | Found a sacrificial altar of Ru.
  3522 | D:4      | Noticed a sky beast
  3749 | D:4      | Found a hide-covered altar of Uskayaw.
  3783 | D:4      | Killed from afar by an orc priest

Illustrated notes

Levels and vault maps discovered:
D:1:      amcnicky_arrival_gap_in_the_tavern_cellar, layout_loops_ring,
          hellmonk_ecumenical_altar_run_dry, dreamdust_wishing_well
D:2:      layout_basic, nicolae_concentric_dashed_squares_wild
D:3:      layout_basic, nemelex_dance_club_becter,
          gammafunk_temple_overflow_wave, uniq_ijyb
D:4:      kb_forest_paths, layout_basic, cheibrodos_ashenzari_chains,
          old_standard_altar, minmay_temple_entry_enclosed_plants

Skill      XL: |  1  2  3  4  5 |
---------------+----------------+-----
Necromancy     | 5 6 |  6.7
Spellcasting   | 3 4 |  4.6
Dodging        | |  1.7
Stealth        | |  1.7

Action                   |  1- 3 |  4- 6 || total
-------------------------+-------+-------++-------
Melee: Unarmed           |    19 |       ||    19
       Club              |    52 |    23 ||    75
       Hand axe          |       |    54 ||    54
       Punch             |       |     1 ||     1
 Cast: Necrotise         |    61 |    70 ||   131
       Vampiric Draining |     1 |       ||     1
       Animate Dead      |       |     4 ||     4
 Stab: Sleeping          |     1 |       ||     1
Armor: Robe              |    34 |    25 ||    59
Dodge: Dodged            |    74 |    64 ||   138

Table legend: (Time is in decaauts)
 A = Elapsed time spent in this place.
 B = Non-inter-level travel time spent in this place.
 C = Inter-level travel time spent in this place.
 D = Time resting spent in this place.
 E = Time spent auto-exploring this place.
 F = Levels seen in this place.
 G = Mean time per level.
                   A        B        C        D        E       F      G
               +--------+--------+--------+--------+--------+-----+--------+
         Total |   3820 |   3727 |     93 |    394 |   2533 |   4 |  955.0 |
       Dungeon |   3820 |   3727 |     93 |    394 |   2533 |   4 |  955.0 |
               +--------+--------+--------+--------+--------+-----+--------+

Top non-repeatable levels by time:
     D:3: 1335 daAuts
     D:1: 1115 daAuts
     D:2: 881 daAuts
     D:4: 487 daAuts
